 Dungeon Crawl Stone Soup version 0.31-a0-365-gcf821cafb2 (webtiles) character file.

Game seed: 10698386399840307160

23618 avis the Nimble (level 12, -3/61 HPs)
             Began as a Felid Summoner on July 27, 2023.
             Was an Initiate of Gozag.
             Succumbed to an orc knight's poison
             ... on level 1 of the Orcish Mines on July 28, 2023.
             The game lasted 02:50:26 (17656 turns).

avis the Nimble (Felid Summoner)                   Turns: 17656, Time: 02:50:27

Health: -3/61      AC:  3    Str:  4      XL:     12   Next: 73%
Magic:  23/36      EV: 27    Int: 21 (23) God:    Gozag
Gold:   2001       SH:  0    Dex: 18      Spells: 15/31 levels left
                                        Lives:  0   Deaths: 3

rFire   . . .        (weapon unavailable)
rCold   + . .        (shield unavailable)
rNeg    + . .        (body armour unavailable)
rPois   .            (helmet unavailable)
rElec   .            (cloak unavailable)
rCorr   +            (gloves unavailable)
SInv    +            (boots unavailable)
Will    +....        p - amulet of regeneration
Stlth   ++           r - ring of magical power
HPRegen 1.10/turn    x - ring of Heresy {rN+ rCorr Int+3}
MPRegen 0.25/turn

%: no passive effects
@: lethally poisoned (-3 -> -20), quick
A: very small, claws 1, fangs 3, see invisible, speed 1, shaggy fur 3, stealthy
paws, no weapons or thrown items, no armour, multi-lived, teleportitis 1
a: Renounce Religion, Potion Petition, Call Merchant, Bribe Branch


You were on level 1 of the Orcish Mines.
You worshipped Gozag.
Gozag was most pleased with you.
You visited 4 branches of the dungeon, and saw 14 of its levels.

You collected 3210 gold pieces.
You spent 589 gold pieces at shops.
You paid 620 gold pieces to Gozag.

Inventory:

Jewellery
 a - a ring of ice
 p - an amulet of regeneration (around neck)
 r - a ring of magical power (left paw)
 x - the ring of Heresy (right paw) {rN+ rCorr Int+3}
   (You found it on level 1 of the Lair of Beasts)

   [ring of resist corrosion]

   Int:       It affects your intelligence (+3).
   rN:        It protects you from negative energy.
   rCorr:     It protects you from acid and corrosion.
 y - a ring of willpower
 z - a ring of fire
 A - a +6 ring of strength
 D - a ring of fire
 G - a +5 ring of evasion
Talismans
 s - a blade talisman
Wands
 k - a wand of polymorph (2)
 w - a wand of digging (6)
 B - a wand of charming (13)
 C - a wand of light (7)
 F - a wand of mindburst (11)
Scrolls
 b - 4 scrolls of noise {unknown}
 d - 2 scrolls of blinking
 e - 4 scrolls of immolation {unknown}
 g - 4 scrolls of teleportation {unknown}
 i - a scroll of fog {unknown}
 j - a scroll of poison {unknown}
 l - 4 scrolls of vulnerability {unknown}
 m - 2 scrolls of torment {unknown}
 t - 2 scrolls of enchant weapon {unknown}
 u - 2 scrolls of revelation {unknown}
 H - a scroll of brand weapon {unknown}
Potions
 c - 3 potions of enlightenment
 f - 2 potions of invisibility
 h - a potion of berserk rage
 n - 2 potions of might {unknown}
 o - a potion of heal wounds {unknown}
 q - 5 potions of curing
 v - a potion of haste {unknown}
 E - a potion of brilliance {unknown}


   Skills:
 + Level 12.4 Fighting
 + Level 13.0 Dodging
 - Level 2.6 Stealth
 - Level 10.0 Spellcasting
 - Level 5.0 Hexes
 * Level 10.0 Summonings
 - Level 7.0 Air Magic


You had 15 spell levels left.
You knew the following spells:

 Your Spells              Type           Power      Damage    Failure   Level
a - Summon Small Mammal   Summ           100%       N/A       1%          1
c - Call Imp              Summ           100%       N/A       1%          2
d - Call Canine Familiar  Summ           51%        N/A       1%          3
f - Swiftness             Air            39%        N/A       1%          3
g - Summon Guardian Gole  Hex/Summ       42%        N/A       1%          3
l - Summon Lightning Spi  Summ/Air       46%        N/A       1%          4

Your spell library contained the following spells:

 Spells                   Type           Power      Damage    Failure   Level
 Ensorcelled Hibernation  Hex/Ice        42%        N/A       3%          2
 Vhi's Electric Charge    Tloc/Air       50%        N/A       4%          3
 Dazzling Flash           Conj/Hex       42%        N/A       7%          3
 Passwall                 Tmut/Erth      8%         N/A       10%         2
 Silence                  Hex/Air        17%        N/A       16%         5
 Frozen Ramparts          Ice            20%        1d4       19%         3
 Ignite Poison            Fire/Tmut/Pois 10%        N/A       19%         3
 Volatile Blastmotes      Fire/Tloc      20%        2d11      19%         3
 Anguish                  Hex/Necr       10%        N/A       22%         4
 Fulminant Prism          Conj/Hex       10%        3d9       22%         4
 Arcjolt                  Conj/Air       12%        1d22      38%         5
 Iskenderun's Mystic Bla  Conj/Tloc      10%        2d4       54%         4
 Petrify                  Tmut/Erth      10%        N/A       54%         4
 Sticky Flame             Conj/Fire      10%        2d3       54%         4
 Metabolic Englaciation   Hex/Ice        10%        N/A       54%         5
 Agony                    Necr           10%        N/A       87%         5
 Plasma Beam              Fire/Air       12%        2x1d23    93%         6
 Ignition                 Fire           5%         3d4       100%        8


Dungeon Overview and Level Annotations

Branches:
Dungeon (10/15)            Temple (1/1) D:7            Lair (1/5) D:9
    Orc (2/2) D:10            Elf (0/3) Orc:2

Altars:
Ashenzari
Cheibriados
Dithmenos
Elyvilon
Fedhas
Gozag
Hepliaklqana
Kikubaaqudgha
Makhleb
Nemelex Xobeh
Okawaru
Qazlal
Ru
Sif Muna
Trog
Uskayaw
Vehumet
Wu Jian
Xom
Yredelemnul
Zin
The Shining One

Shops:
D:3 ([   D:5 *(*(   Orc:2 (   Lair:1 :

Annotations:
D:9 exclusion: ice statue


Innate Abilities, Weirdness & Mutations

You have sharp claws.
You have razor-sharp teeth.
You have supernaturally acute eyesight. (SInv)
You cover ground quickly. (Speed+)
Your thick and shaggy fur keeps you warm. (AC +3, rC+)
Your paws help you pounce on unaware monsters.
You are incapable of wielding weapons or throwing items.
You cannot wear armour.
You gain extra lives every three experience levels.
You are occasionally teleported next to monsters.


Message History

There is a stone staircase leading up, spattered with blood here.
You feel sick.
The orc knight roars a battlecry!
The orc warrior goes into a battle-frenzy!
The orc knight roars a battlecry!
The orc knight goes into a battle-frenzy!
The orc high priest completely misses you.
The orc shouts!
You climb upwards.
You feel very sick.
There is a stone staircase leading down, spattered with blood here.
You feel sick.
You feel sick.
You feel sick.
You feel sick.
You feel sick.
You are no longer poisoned.
Casting: Summon Guardian Golem (safe; 1% risk of failure)
Confirm with . or Enter, or press ? or * to list all spells.
An electric hum fills the air.
The orc knight hits your lightning spire with a +3 dire flail of venom!!
The orc knight hits your lightning spire with a +0 dire flail!!
Your lightning spire is destroyed!
Your lightning spire disappears in a puff of smoke!
Casting: Summon Lightning Spire (dangerous; 1% risk of failure)
Confirm with . or Enter, or press ? or * to list all spells.
An electric hum fills the air.
Casting: Summon Lightning Spire (dangerous; 1% risk of failure)
Confirm with . or Enter, or press ? or * to list all spells.
The orc knight barely misses you. The orc knight completely misses you.
Casting: Call Canine Familiar (safe; 1% risk of failure)
Confirm with . or Enter, or press ? or * to list all spells.
A guardian golem appears, shielding your allies.
The orc knight hits you with a +3 dire flail of venom!!
* * * LOW HITPOINT WARNING * * *
You are lethally poisoned!
The orc knight completely misses you.
You swap places.
You die...
Your body crumbles into a pile of gold.

### ##..#.....# #######
#####.###.........## ##..##.##
##..#...##..........#
##.......###....#.###..........#
##....##.##.##..##.##........#.##
#.....##.#...[...............###
##...........))8...#..........##
#..........[.....h....)[......#
#...#.....#..[.@9o....>......##
#......####......o............#
##.##.####....#...[...[......##
########.#..................##
#.....)#.......#.......#
##.......[.........##.##
#..........##.....#.###
##...#.................##
#........#.....#...#....#


You could see 2 orc knights, a friendly guardian golem (summoned), a friendly
wolf (summoned, sheltered) and a friendly lightning spire (summoned, sheltered).

Vanquished Creatures
  An orc (Orc:1)
  A ball python (D:1)
  An endoplasm (D:1)
  A goblin (D:2)
  2 kobolds
  3 bats
9 creatures vanquished.

Vanquished Creatures (collateral kills)
  2 orc warlords (Orc:2)
  2 boulder beetles
  3 orc high priests
  4 orc sorcerers
  4 elephants (Lair:1)
  Maurice (Orc:1)
  A cane toad (D:8)
  2 unseen horrors
  A komodo dragon (Lair:1)
  6 ice devils (D:9)
  6 trolls
  Sigmund (D:6)
  A shadow (D:7)
  3 wyverns
  5 yaks
  A basilisk (Lair:1)
  2 steam dragons
  A warg (Orc:1)
  An acid dragon (D:9)
  2 water moccasins
  2 ice beasts (D:5)
  17 orc warriors
  3 black bears
  6 ogres
  A centaur (D:10)
  5 kobold brigands
  7 bullfrogs
  A gnoll sergeant (D:10)
  3 killer bees (D:10)
  5 howler monkeys
  Crazy Yiuf (D:2)
  22 orc priests
  3 hounds
  A jelly (D:4)
  A gnoll bouda (D:8)
  2 sleepcaps
  16 orc wizards
  7 adders
  10 gnolls
  A shadow imp (D:4)
  A nameless horror (D:8)
  7 ufetubi
  6 dart slugs
  58 orcs
  8 endoplasms
  2 giant cockroaches (D:2)
  6 goblins
  6 hobgoblins
  12 kobolds
  5 quokkas
  6 ball pythons
  6 bats
  2 frilled lizards
  3 rats (D:1)
291 creatures vanquished.

Vanquished Creatures (others)
  A two-headed ogre (D:9)
  Urug (Orc:1)
  An orc knight (Orc:1)
  An orc sorcerer (Orc:2)
  An ugly thing (D:8)
  A manticore (D:8)
  2 elephants (Lair:1)
  A black mamba (Lair:1)
  2 trolls
  Prince Ribbit (D:6)
  2 hornets
  A vampire (D:6)
  11 yaks
  3 water moccasins
  13 orc warriors
  An ice beast (D:5)
  A black bear (D:6)
  5 ogres
  4 kobold brigands
  A bullfrog (D:9)
  3 gnoll sergeants
  5 wights (D:10)
  A killer bee (D:10)
  A jelly (D:6)
  2 orc priests (Orc:2)
  A hound (D:6)
  A sleepcap (D:7)
  An iguana (D:7)
  9 orc wizards
  5 gnolls
  2 ufetubi (D:6)
  11 orcs
  2 kobolds (D:6)
98 creatures vanquished.

Grand Total: 398 creatures vanquished

Notes
Turn   | Place    | Note
-------+----------+-------------------------------------------
     0 | D:1      | avis the Felid Summoner began the quest for the Orb.
     0 | D:1      | Reached XP level 1. HP: 7/7 MP: 4/4
    22 | D:1      | Found a faded altar of an unknown god.
   225 | D:1      | Reached XP level 2. HP: 11/11 MP: 4/6
   228 | D:1      | Learned a level 2 spell: Call Imp
   310 | D:1      | You fall into a shaft and drop 1 floor!
   580 | D:1      | Reached XP level 3. HP: 14/14 MP: 4/8
   584 | D:1      | Learned a level 3 spell: Call Canine Familiar
  1450 | D:2      | Reached XP level 4. HP: 18/18 MP: 10/10
  1454 | D:2      | Learned a level 3 spell: Summon Guardian Golem
  1766 | D:2      | Found a runed translucent door.
  1767 | D:2      | Noticed Crazy Yiuf
  1769 | D:2      | Identified the +1 hammer of the Ass {drain, rElec}
  1800 | D:2      | Killed Crazy Yiuf
  1801 | D:2      | Reached skill level 1 in Hexes
  2014 | D:3      | Reached skill level 3 in Dodging
  2146 | D:3      | Found Daliagg's Antique Armour Shoppe.
  2257 | D:3      | Found Zefomoh's Weapon Shop.
  2285 | D:3      | Reached skill level 1 in Fighting
  2340 | D:3      | Reached XP level 5. HP: 22/22 MP: 3/11
  2516 | D:3      | Found an ornate altar of the Wu Jian Council.
  2911 | D:4      | Noticed a black bear
  3119 | D:4      | Killed a black bear
  3120 | D:4      | Reached skill level 5 in Summonings
  3120 | D:4      | Gained mutation: You are covered in thick fur. (AC +2)
                  | [Felid growth]
  3120 | D:4      | Reached XP level 6. HP: 26/26 MP: 5/13
  3394 | D:4      | Learned a level 4 spell: Summon Lightning Spire
  3590 | D:4      | Reached skill level 4 in Dodging
  3632 | D:4      | Found a shadowy altar of Dithmenos.
  3992 | D:5      | Entered Level 5 of the Dungeon
  4085 | D:5      | Found Pirhoira's Assorted Antiques.
  4122 | D:5      | Found Kanaoc's Weapon Emporium.
  4122 | D:5      | Found Naarph's Assorted Antiques.
  4122 | D:5      | Found Mikh's Weapon Emporium.
  4239 | D:5      | Reached skill level 1 in Air Magic
  4239 | D:5      | Reached XP level 7. HP: 30/30 MP: 7/14
  4989 | D:6      | Noticed Prince Ribbit
  5038 | D:6      | Reached skill level 5 in Dodging
  5038 | D:6      | Reached XP level 8. HP: 34/34 MP: 13/16
  5048 | D:6      | Reached skill level 5 in Spellcasting
  5088 | D:6      | Killed Prince Ribbit
  5089 | D:6      | Reached skill level 5 in Hexes
  5765 | D:6      | Reached skill level 6 in Dodging
  5885 | D:6      | Noticed Sigmund
  5909 | D:6      | Killed Sigmund
  5910 | D:6      | Reached XP level 9. HP: 39/39 MP: 17/18
  6187 | D:6      | Upgraded the game from 0.31-a0-360-gb3e1d13bf4 to
                  | 0.31-a0-365-gcf821cafb2
  6617 | D:7      | Found a staircase to the Ecumenical Temple.
  6623 | D:7      | Learned a level 3 spell: Swiftness
  6640 | Temple   | Entered the Ecumenical Temple
  6661 | Temple   | Became a worshipper of Gozag Ym Sagoz the Greedy
  7147 | D:7      | Reached skill level 5 in Air Magic
  7592 | D:8      | Noticed a boulder beetle
  7601 | D:8      | Mangled by a boulder beetle
  7602 | D:8      | Reached XP level 8. HP: -9/36 MP: 19/27
  7637 | D:8      | Killed a boulder beetle
  7638 | D:8      | Reached skill level 5 in Fighting
  7638 | D:8      | Reached skill level 7 in Dodging
  7638 | D:8      | Reached XP level 9. HP: 40/40 MP: 20/20
  7811 | D:8      | Noticed a white ugly thing
  7822 | D:8      | Killed by an exploding themself... ignited by their inner
                  | flame
  7822 | D:8      | Killed a white ugly thing
  7823 | D:8      | Reached XP level 8. HP: -4/37 MP: 23/28
  7959 | D:8      | Noticed a manticore
  7971 | D:8      | Killed a manticore
  7972 | D:8      | Reached XP level 9. HP: 30/40 MP: 14/21
  8089 | D:8      | Noticed an unseen horror
  8147 | D:8      | an unseen horror changed into a cane toad
  8147 | D:8      | Noticed a cane toad
  8164 | D:8      | Killed a cane toad
  8428 | D:8      | Reached skill level 8 in Dodging
  8519 | D:8      | Noticed a troll
  8535 | D:8      | Killed a troll
  8744 | D:8      | Noticed a troll
  8751 | D:8      | Killed a troll
  8903 | D:5      | Bought a scroll of identify for 62 gold pieces
  8903 | D:5      | Bought a scroll labelled VOESSO LADE for 31 gold pieces
  8903 | D:5      | Bought a shiny bronze ring for 155 gold pieces
  8904 | D:5      | Bought a runed peridot amulet for 155 gold pieces
  8904 | D:5      | Bought a dagger for 62 gold pieces
  8904 | D:5      | Bought a twisted brass wand for 124 gold pieces
  9262 | D:9      | Noticed an ice devil
  9264 | D:9      | Noticed an ice devil
  9264 | D:9      | Noticed an ice devil
  9264 | D:9      | Noticed an ice devil
  9265 | D:9      | Noticed an ice devil
  9265 | D:9      | Noticed an ice statue
  9265 | D:9      | Noticed an ice devil
  9279 | D:9      | Killed an ice devil
  9312 | D:9      | Killed an ice devil
  9323 | D:9      | Killed an ice devil
  9324 | D:9      | Reached XP level 10. HP: 46/46 MP: 20/23
  9459 | D:9      | Reached skill level 9 in Dodging
 10442 | D:9      | HP: 2/47 [ice beast[an ice statue] (4)]
 10442 | D:9      | Mangled by an ice beast
 10443 | D:9      | Reached XP level 9. HP: -12/43 MP: 3/31
 10604 | D:9      | Found a staircase to the Lair.
 10911 | D:9      | Noticed a two-headed ogre
 10925 | D:9      | Killed a two-headed ogre
 11057 | D:9      | Reached XP level 10. HP: 48/48 MP: 17/23
 11748 | Lair:1   | Entered Level 1 of the Lair of Beasts
 11768 | Lair:1   | Reached skill level 10 in Dodging
 12316 | Lair:1   | Noticed a boulder beetle
 12331 | Lair:1   | Killed a boulder beetle
 12332 | Lair:1   | Reached XP level 11. HP: 53/53 MP: 17/25
 12661 | Lair:1   | Found a shadowy altar of Dithmenos.
 12926 | Lair:1   | Identified the ring of Heresy {rN+ rCorr Int+3}
 13475 | D:10     | Entered Level 10 of the Dungeon
 14003 | D:10     | Found a staircase to the Orcish Mines.
 14020 | D:10     | Reached skill level 11 in Dodging
 14092 | D:10     | Reached skill level 10 in Fighting
 14680 | Orc:1    | Entered Level 1 of the Orcish Mines
 14680 | Orc:1    | Noticed an orc sorcerer
 14688 | D:10     | Killed an orc sorcerer
 14892 | Orc:1    | Noticed Maurice
 14915 | Orc:1    | Killed Maurice
 15173 | Orc:2    | Entered Level 2 of the Orcish Mines
 15344 | Orc:2    | Noticed an orc high priest
 15721 | Orc:2    | Gained mutation: You are occasionally teleported next to
                  | monsters. [a neqoxec]
 15722 | Orc:2    | Noticed a sixfirhy
 15729 | Orc:1    | Noticed a soul eater
 15732 | Orc:1    | Killed an orc high priest
 15733 | Orc:1    | Gained mutation: Your thick and shaggy fur keeps you warm.
                  | (AC +3, rC+) [Felid growth]
 15733 | Orc:1    | Reached XP level 12. HP: 46/59 MP: 25/26
 15890 | Orc:1    | Reached skill level 10 in Spellcasting
 16068 | Orc:2    | Found a staircase to the Elven Halls.
 16068 | Orc:2    | Found Pyawkafan's Antique Weapon Emporium.
 16208 | Orc:2    | Noticed an orc warlord
 16374 | Orc:1    | Reached skill level 10 in Summonings
 16418 | Orc:1    | Noticed Urug
 16438 | Orc:1    | Killed Urug
 16695 | Orc:2    | Reached skill level 12 in Dodging
 16763 | Orc:2    | Killed an orc warlord
 16955 | Orc:2    | Noticed an orc warlord
 16977 | Orc:2    | Killed an orc warlord
 17171 | Orc:2    | Noticed an orc high priest
 17182 | Orc:2    | Killed an orc high priest
 17284 | Orc:2    | Noticed an orc high priest
 17286 | Orc:2    | Noticed an orc high priest
 17472 | Orc:1    | Killed an orc high priest
 17473 | Orc:1    | Reached skill level 13 in Dodging
 17655 | Orc:1    | HP: 1/61 [orc knight/+3 dire flail of venom (29)]
 17656 | Orc:1    | Succumbed to an orc knight's poison

Illustrated notes

Levels and vault maps discovered:
D:1:      dpeg_arrival_rooms_b, layout_rooms, nicolae_ecumenical_snake_handling,
          minmay_unequal
D:2:      layout_rooms, minmay_liquid_box, uniq_crazy_yiuf_cottage
D:3:      layout_rooms, mainiacjoe_overflow_boulevard, serial_shops,
          nicolae_shop_waterfront, nicolae_shop_just_a_little_nook
D:4:      layout_cave_pools, general_overflow_altar,
          nicolae_concentric_dashed_squares_wild, chequers_serial_rivers_room_a
D:5:      layout_gridville, nicolae_stop_n_shop_1,
          nicolae_shop_distant_corner_stores, kennysheep_nub,
          nicolae_kite_square_tiling_tiny
D:6:      layout_rooms, hangedman_decor_clover_reticule,
          minmay_tree_intersection, uniq_prince_ribbit1, uniq_sigmund
D:7:      layout_basic, minmay_temple_entry_large_hall
D:8:      minmay_diamond_stairs, layout_rooms, chequers_serial_rivers_room_a
D:9:      cheibrodos_frozen_isle, layout_basic, grunt_lair_entry_orc_guard_hut,
          kennysheep_kite_vault
D:10:     layout_loops_cross, kennysheep_orc_monster_closet_entryway
Temple:   nicolae_temple_slightly_damp_pantheon
Lair:1:   layout_concentric_octagons, basic_altar
Orc:1:    layout_caves, uniq_urug, uniq_maurice
Orc:2:    st_orc_congregation, layout_diamond_mine, serial_shops, shop

Skill      XL: |  1  2  3  4  5  6  7  8  9 10 11 12 |
---------------+-------------------------------------+-----
Spellcasting   | 3 4 5 8 9 10 | 10.0
Hexes          | 1 2 3 4 5 |  5.0
Dodging        | 3 4 5 7 8 10 11 13 | 13.0
Fighting       | 1 2 3 5 6 9 10 12 | 12.4
Summonings     | 5 6 7 8 9 10 | 10.0
Air Magic      | 1 2 6 7 |  7.0
Stealth        | |  2.6

Action                     |  1- 3 |  4- 6 |  7- 9 | 10-12 || total
---------------------------+-------+-------+-------+-------++-------
  Melee: Unarmed           |    11 |     7 |       |    13 ||    31
         Bite              |     1 |       |       |     1 ||     2
   Cast: Summon Small Mamm |    36 |    10 |     1 |     7 ||    54
         Call Canine Famil |     8 |    29 |    39 |    64 ||   140
         Call Imp          |     6 |    22 |    27 |    23 ||    78
         Summon Guardian G |       |     3 |    51 |    99 ||   153
         Summon Lightning  |       |       |    35 |    93 ||   128
 Invoke: Call Merchant     |       |       |       |     1 ||     1
  Evoke: Wand              |       |       |    10 |       ||    10
    Use: Potion            |       |     1 |       |       ||     1
         Scroll            |       |       |     6 |     3 ||     9
   Stab: Sleeping          |     1 |     1 |       |       ||     2
 Armour: Skin              |     1 |     2 |     3 |     9 ||    15
  Dodge: Dodged            |     9 |    26 |    52 |   242 ||   329

Table legend: (Time is in decaauts)
 A = Elapsed time spent in this place.
 B = Non-inter-level travel time spent in this place.
 C = Inter-level travel time spent in this place.
 D = Time resting spent in this place.
 E = Time spent auto-exploring this place.
 F = Levels seen in this place.
 G = Mean time per level.
                   A        B        C        D        E       F      G
               +--------+--------+--------+--------+--------+-----+--------+
         Total |  15835 |  14940 |    895 |   5094 |   4216 |  14 | 1131.1 |
       Dungeon |  12029 |  11213 |    816 |   3726 |   3427 |  10 | 1202.9 |
        Temple |     40 |      6 |     34 |      0 |      0 |   1 |   40.0 |
          Lair |   1360 |   1337 |     23 |    293 |    740 |   1 | 1360.0 |
  Orcish Mines |   2406 |   2385 |     21 |   1075 |     48 |   2 | 1203.0 |
               +--------+--------+--------+--------+--------+-----+--------+

Top non-repeatable levels by time:
     D:9: 2605 daAuts
   Orc:1: 1783 daAuts
    D:10: 1385 daAuts
  Lair:1: 1360 daAuts
     D:8: 1271 daAuts
     D:7: 1194 daAuts
     D:6: 1067 daAuts
     D:4: 996 daAuts
     D:1: 975 daAuts
     D:5: 868 daAuts
     D:3: 837 daAuts
     D:2: 828 daAuts
   Orc:2: 622 daAuts
  Temple: 40 daAuts
